 Dungeon Crawl Stone Soup version 0.27.1-34-g3ba077fa99 (webtiles) character file.

Game seed: 8301930997065631604

95 Delamore the Sneak (level 4, -4/29 HPs)
             Began as an Octopode Brigand on Jan 16, 2022.
             Killed by divine providence
             ... invoked by an orc priest
              (11 damage)
             ... on level 3 of the Dungeon.
             The game lasted 00:03:51 (2219 turns).

Delamore the Sneak (Octopode Brigand)               Turns: 2219, Time: 00:03:51

Health: -4/29      AC:  1    Str: 10    XL:     4   Next: 66%
Magic:  4/4        EV: 12    Int: 19    God:
Gold:   129        SH:  0    Dex: 14    Spells: 3/3 levels left

rFire    . . .     SeeInvis .   g - +2 short sword (elec)
rCold    . . .     Faith    .   (no shield)
rNeg     . . .     Spirit   .   (helmet restricted)
rPois    .         Reflect  .   (no amulet)
rElec    .         Harm     .   i - +6 ring of intelligence
rCorr    .         Rampage  .   (no ring)
Will     .....                  (no ring)
Stlth    ++++......             (no ring)
HPRegen  0.09/turn              (no ring)
MPRegen  0.09/turn              (no ring)
                                (no ring)
                                (no ring)

@: no status effects
A: almost no armour, amphibious, 8 rings, camouflage 1, gelatinous body 1,
(nimble swimmer 1), tentacles
a: no special abilities


You were on level 3 of the Dungeon.
You visited 1 branch of the dungeon, and saw 3 of its levels.

You collected 129 gold pieces.

Inventory:

Hand Weapons
 a - a +2 dagger
 g - a +2 short sword of electrocution (weapon)
Missiles
 b - 8 poisoned darts
 c - a curare-tipped dart (quivered)
 f - 14 boomerangs
 n - 8 silver boomerangs
Armour
 p - a +0 buckler
Jewellery
 i - a +6 ring of intelligence (left tentacle)
Wands
 m - a wand of flame (17)
Scrolls
 d - 3 scrolls of teleportation
 l - a scroll of blinking
 o - a scroll of fear
Potions
 e - a potion of lignification
 h - 3 potions of curing
 j - a potion of degeneration
 k - a potion of heal wounds {unknown}


   Skills:
 - Level 2.0 Fighting
 + Level 4.7 Short Blades
 - Level 2.0 Throwing
 - Level 1.0 Dodging
 - Level 5.3 Stealth


You had 3 spell levels left.
You didn't know any spells.
Your spell library contained the following spells:

 Spells                   Type           Power      Damage    Failure   Level
 Sting                    Tmut/Pois      0%         1d3       21%         1


Dungeon Overview and Level Annotations

Branches:
Dungeon (3/15)

Altars:

Shops:
D:1 =   D:3 (


Innate Abilities, Weirdness & Mutations

You cannot wear most types of armour.
You are amphibious.
You can wear up to eight rings at the same time.
Your skin changes colour to match your surroundings (Stealth+).
Your rubbery body absorbs attacks. (AC +1, EV +1)
((You are camouflaged near water. (Stealth+)))
You have tentacles for arms and can constrict up to eight enemies at once.


Message History

You hit the orc.
You kill the orc!
Things that are here:
a +0 mace; a +0 leather armour; an orc corpse You hit the orc.
Your grab misses the orc. You squeeze the orc.
The orc is severely wounded.
The orc hits you but does no damage.
You barely miss the orc. Your grab misses the orc. You squeeze the orc.
You kill the orc!
No target in view!
As you read the scroll of identify, it crumbles to dust.
h - 3 potions of curing
Okay, then.
Okay, then.
Okay, then.
Found a stone staircase leading down.
There is a stone staircase leading down here.
You see here 16 bolts.
You see here 22 stones.
An orc wizard comes into view. It is wielding a +0 dagger.
An orc comes into view. It is wielding a +0 dagger.
The orc wizard shouts!
The orc priest shouts!
The orc priest mumbles some strange prayers to Beogh against you.
Beogh smites you!
Throw: 2 darts (curare)
Press: ? - help, Q - select action, (/) - cycle Shift-Dir - straight line, f - orc priest
Aim: an orc priest, wielding a +0 trident (60% to hit)
You throw a curare-tipped dart.
The curare-tipped dart hits the orc priest.
The orc priest is poisoned.
The orc priest convulses.
The orc priest seems to slow down.
The orc priest is moderately wounded.
The orc priest calls down the wrath of Beogh upon you.
Beogh smites you!
* * * LOW HITPOINT WARNING * * *
Okay, then.
Okay, then.
The orc priest invokes the aid of Beogh against you.
Beogh smites you!
You die...

#..#....... #.#)
#..##.#......... .####.#. #..#
.......... ........ #..#
>#........ .######. #SK#
.#....... #. #.## o..... #. #.#
###.# ######. ###.# #.# .......
#...# ##@# ####### #.#.# #..#
#.... #.#.# # #.## #.### #.#.#
#. #o# ##.### #.#.###o. #.#
######.....
#K#.......###.#####.#..........
#S### #o.o(o.......#.####..###
#.# #.####.#######.# #..... #.#
o####.........# #(..##


You could see an orc priest (very poisoned, slow) and an orc wizard.

Vanquished Creatures
  An orc wizard (D:3)
  2 adders (D:3)
  A dart slug (D:1)
  2 orcs (D:3)
  2 ball pythons
  3 endoplasms
  2 giant cockroaches (D:1)
  4 goblins (D:1)
  7 hobgoblins
  2 quokkas
  6 bats
  2 frilled lizards (D:1)
  7 kobolds
  6 rats (D:1)
47 creatures vanquished.

Vanquished Creatures (others)
  A fungus (D:1)
  12 plants
13 creatures vanquished.

Grand Total: 60 creatures vanquished

Notes
Turn   | Place    | Note
-------+----------+-------------------------------------------
     0 | D:1      | Delamore the Octopode Brigand began the quest for the Orb.
     0 | D:1      | Reached XP level 1. HP: 14/14 MP: 1/1
   146 | D:1      | Found Kumoq's Jewellery Emporium.
   149 | D:1      | Reached XP level 2. HP: 19/19 MP: 2/2
   309 | D:1      | Found a faded altar of an unknown god.
   337 | D:1      | Got Plato's Almanac of Intoxication
   438 | D:1      | Reached XP level 3. HP: 24/24 MP: 3/3
  1401 | D:3      | Found Xeibi's Weapon Boutique.
  1668 | D:3      | Reached XP level 4. HP: 7/29 MP: 4/4
  2219 | D:3      | Killed from afar by an orc priest

Illustrated notes

Levels and vault maps discovered:
D:1:      giann_bridges, layout_loops_corners,
          shapermc_ecumenical_altar_rom_forum, serial_shops, shop,
          lexackson_kobold_supper
D:2:      layout_loops_ring
D:3:      layout_loops_ring, serial_shops, nicolae_square_shop,
          guppyfry_early_lair_pool

Skill      XL: |  1  2  3 |
---------------+----------+-----
Short Blades   | 3 4 |  4.7
Fighting       | |  2.0
Throwing       | |  2.0
Dodging        | |  1.0
Stealth        | |  5.3

Action                   |  1- 3 |  4- 6 || total
-------------------------+-------+-------++-------
Melee: Dagger            |    30 |       ||    30
       Constrict         |     9 |     3 ||    12
       Tentacles         |     4 |     2 ||     6
       Short sword       |    25 |    13 ||    38
Throw: Dart              |       |     1 ||     1
  Use: Scroll            |     6 |     1 ||     7
 Stab: Sleeping          |    19 |     1 ||    20
       Distracted        |     1 |       ||     1
Armor: Skin              |     1 |     4 ||     5
Dodge: Dodged            |    21 |     7 ||    28
